 Dungeon Crawl Stone Soup version 0.31-a0-175-g9f7f995f2b (webtiles) character file.

Game seed: 15173351234227820733

8276 Angani the Frost Mage (level 11, -1/54 HPs)
             Began as a Deep Elf Ice Elementalist on June 17, 2023.
             Was a Priest of Sif Muna.
             Hit by a large rock thrown by a cyclops (40 damage)
             ... on level 11 of the Dungeon.
             The game lasted 00:31:59 (12330 turns).

Angani the Frost Mage (Deep Elf Ice Elementalist)  Turns: 12330, Time: 00:31:59

Health: -1/54      AC: 10    Str:  5    XL:     11   Next: 7%
Magic:  12/27      EV: 11    Int: 25    God:    Sif Muna [***...]
Gold:   466        SH:  0    Dex: 15    Spells: 8/30 levels left

rFire   . . .        u - staff of air
rCold   . . .        (no shield)
rNeg    . . .        D - +0 troll leather armour
rPois   .            F - +2 helmet
rElec   +            (no cloak)
rCorr   .            l - +0 pair of gloves
SInv    .            a - +1 pair of boots
Will    +....        g - amulet of regeneration
Stlth   ++++         (no ring)
HPRegen 1.89/turn    (no ring)
MPRegen 0.20/turn

%: no passive effects
@: no status effects
A: no striking features
a: Renounce Religion, Channel Magic, Forget Spell


You were on level 11 of the Dungeon.
You worshipped Sif Muna.
Sif Muna was most pleased with you.
You visited 1 branch of the dungeon, and saw 11 of its levels.
You also visited: Ossuary.

You collected 655 gold pieces.
You spent 189 gold pieces at shops.

Inventory:

Armour
 a - a +1 pair of boots (worn)
 l - a +0 pair of gloves (worn)
 D - a +0 troll leather armour (worn)
 F - a +2 helmet (worn)
Magical Staves
 u - a staff of air (weapon)
Jewellery
 g - an amulet of regeneration (around neck)
Wands
 y - a wand of quicksilver (14)
 C - a wand of paralysis (3)
 E - a wand of iceblast (2)
Scrolls
 c - 2 scrolls of blinking
 i - a scroll of silence
 j - 2 scrolls of vulnerability
 k - 6 scrolls of amnesia
 m - 2 scrolls of fear
 n - 4 scrolls of teleportation
 o - a scroll of torment
 r - 4 scrolls of enchant weapon
 w - 2 scrolls of revelation
 x - a scroll of enchant armour
 B - a scroll of poison
Potions
 b - a potion of magic
 d - 7 potions of curing
 e - 3 potions of might
 f - a potion of haste
 h - 3 potions of heal wounds
 p - 3 potions of enlightenment
 q - 4 potions of attraction
 t - a potion of berserk rage
 v - a potion of mutation
 z - a potion of lignification {unknown}
 A - 2 potions of brilliance {unknown}


   Skills:
 - Level 2.4 Dodging
 - Level 9.2 Stealth
 - Level 10.0 Spellcasting
 + Level 6.2 Conjurations
 - Level 7.1 Summonings
 + Level 10.8 Ice Magic
 + Level 5.4 Air Magic
 - Level 1.7 Invocations
 - Level 1.7 Evocations


You had 8 spell levels left.
You knew the following spells:

 Your Spells              Type           Power      Damage    Failure   Level
a - Freeze                Ice            100%       1d10      1%          1
b - Frozen Ramparts       Ice            100%       1d16      1%          3
c - Ozocubu's Armour      Ice            61%        N/A       1%          3
d - Summon Ice Beast      Ice/Summ       55%        N/A       1%          4
e - Blink                 Tloc           24%        N/A       12%         2
f - Apportation           Tloc           24%        N/A       9%          1
g - Freezing Cloud        Conj/Ice/Air   33%        6-21      11%         5
h - Hailstorm             Conj/Ice       53%        3d12      1%          3

Your spell library contained the following spells:

 Spells                   Type           Power      Damage    Failure   Level
 Magic Dart               Conj           100%       1d8       1%          1
 Summon Small Mammal      Summ           100%       N/A       1%          1
 Searing Ray              Conj           86%        2d7       1%          2
 Cigotuvi's Dreadful Rot  Necr/Pois/Air  64%        N/A       6%          2
 Necrotise                Necr           48%        1d6       9%          1
 Fulminant Prism          Conj/Hex       14%        3d8       22%         4
 Ignite Poison            Fire/Tmut/Pois 12%        N/A       24%         3
 Tukima's Dance           Hex            12%        N/A       24%         3
 Manifold Assault         Tloc           12%        N/A       63%         4
 Passage of Golubria      Tloc           12%        N/A       63%         4
 Yara's Violent Unravell  Hex/Tmut       6%         3d5       92%         5
 Storm Form               Tmut/Air       19%        N/A       100%        7


Dungeon Overview and Level Annotations

Branches:
Dungeon (11/15)            Temple (0/1) D:7            Lair (0/5) D:10
    Orc (0/2) D:10        Ossuary (visited)

Altars:
Ashenzari
Elyvilon
Fedhas
Gozag
Hepliaklqana
Kikubaaqudgha
Nemelex Xobeh
Okawaru
Qazlal
Ru
Sif Muna
Uskayaw
Vehumet
Yredelemnul
Zin
The Shining One

Shops:
D:6 ?   D:9 [

Annotations:
D:3 3 runed translucent doors, mopl's ghost, amateur OpHW
D:5 Grinder


Message History

Confirm with . or Enter, or press ? or * to list all spells.
Aiming: Freeze (safe; 1% risk of failure)
Press: ? - help, Shift-Dir - straight line, f - kobold demonologist
Aim: a kobold demonologist, wielding a +1 dagger of venom and wearing a +0 robe (blue smoke, lightly wounded, ally target)
You freeze the kobold demonologist!
The kobold demonologist is moderately wounded.
The wall freezes the kobold demonologist.
The kobold demonologist closely misses you.
Your ice beast closely misses the kobold demonologist.
Unknown command.
Casting: Freeze (safe; 1% risk of failure)
Confirm with . or Enter, or press ? or * to list all spells.
Aiming: Freeze (safe; 1% risk of failure)
Press: ? - help, Shift-Dir - straight line, f/p - kobold demonologist
Aim: a kobold demonologist, wielding a +1 dagger of venom and wearing a +0 robe (moderately wounded, ally target)
You freeze the kobold demonologist!
The kobold demonologist is severely wounded.
The wall freezes the kobold demonologist!
The kobold demonologist barely misses you.
Your ice beast misses the kobold demonologist.
Casting: Freeze (safe; 1% risk of failure)
Confirm with . or Enter, or press ? or * to list all spells.
Aiming: Freeze (safe; 1% risk of failure)
Press: ? - help, Shift-Dir - straight line, f/p - kobold demonologist
Aim: a kobold demonologist, wielding a +1 dagger of venom and wearing a +0 robe (almost dead, ally target)
You freeze the kobold demonologist!
You kill the kobold demonologist!
Sif Muna accepts your kill.
Your ice beast barely misses the cyclops.
Unknown command.
Your ice beast hits the cyclops.
Your ice beast freezes the cyclops!!
The wall freezes the cyclops.
The cyclops throws a large rock.
The large rock closely misses your ice beast.
The large rock hits you!
Your ice beast hits the cyclops.
Your ice beast freezes the cyclops!
The frozen ramparts melt away.
The cyclops throws a large rock.
The large rock barely misses your ice beast.
The large rock hits you!!!
Ouch! That really hurt!
You die...

.# .### .. ... #......#
.# .#...# ##......# .#
.#...#.##(.....# ..
.....#.##...... .#
.#.....##..... .#
.......# .... .#
.##..#.####.#####.####
.#......^.......@)Y..#
..........#.#####)#C....
.#.#.#.##.#.#####.# ##.
..................)
....................
.#.##................
.......##.######....#.
............ .....#
.#.##..##.### .


You could see a cyclops (ally target) and a friendly ice beast (summoned).

Vanquished Creatures
  Sonja (D:10)
  Pikel (D:8)
  2 kobold demonologists (D:11)
  2 hornets
  A shadow (D:10)
  2 wyverns
  6 yaks
  A steam dragon (D:6)
  A warg (D:10)
  3 acid dragons
  6 orc warriors
  An ice beast (D:6)
  A black bear (D:5)
  2 sky beasts
  2 centaurs
  A kobold brigand (D:9)
  2 scorpions
  A bullfrog (D:7)
  5 killer bees (D:9)
  A nameless horror (D:9)
  A jelly (D:5)
  2 hounds (D:6)
  6 orc priests
  A sleepcap (D:5)
  8 orc wizards
  2 iguanas (D:5)
  11 gnolls
  5 adders
  A shadow imp (D:5)
  2 white imps
  An ufetubus (D:5)
  A worm (D:4)
  3 dart slugs
  26 orcs
  2 bats
  8 endoplasms
  4 giant cockroaches
  8 goblins
  4 hobgoblins
  11 jackals
  4 quokkas (D:1)
  6 ball pythons
  4 frilled lizards
  16 kobolds
  A kobold skeleton (Ossuary)
  6 rats
186 creatures vanquished.

Vanquished Creatures (collateral kills)
  A two-headed ogre (D:8)
  A komodo dragon (D:10)
  2 yaks
  An ice beast (D:6)
  A centaur (D:8)
  A phantom (D:5)
  3 bullfrogs (D:8)
  A gnoll sergeant (D:9)
  A nameless horror (D:7)
  5 howler monkeys (D:8)
  A gnoll bouda (D:7)
  An orc wizard (D:7)
  12 mummies (Ossuary)
  3 gnolls
  A white imp (D:8)
  6 orcs
  2 gnoll skeletons (Ossuary)
  3 goblin skeletons (Ossuary)
  2 kobold skeletons (Ossuary)
  11 rat skeletons (Ossuary)
59 creatures vanquished.

Grand Total: 245 creatures vanquished

Notes
Turn   | Place    | Note
-------+----------+-------------------------------------------
     0 | D:1      | Angani the Deep Elf Ice Elementalist began the quest for
                  | the Orb.
     0 | D:1      | Reached XP level 1. HP: 10/10 MP: 6/6
   184 | D:1      | Reached XP level 2. HP: 15/15 MP: 4/8
  1073 | D:1      | Reached XP level 3. HP: 19/19 MP: 8/10
  1077 | D:1      | Learned a level 3 spell: Frozen Ramparts
  1081 | D:1      | Learned a level 3 spell: Ozocubu's Armour
  1659 | D:2      | Reached skill level 5 in Ice Magic
  2040 | D:3      | Found a blossoming altar of Fedhas.
  2060 | D:3      | Found an ancient bone altar of Kikubaaqudgha.
  2305 | D:3      | Found a runed translucent gate.
  2306 | D:3      | Found a runed translucent gate.
  2307 | D:3      | Found a runed translucent gate.
  2307 | D:3      | Noticed mopl's ghost (amateur OpHW)
  2445 | D:3      | Reached XP level 4. HP: 24/24 MP: 10/12
  2450 | D:3      | Learned a level 4 spell: Summon Ice Beast
  2870 | D:3      | Reached skill level 1 in Summonings
  2870 | D:3      | Reached XP level 5. HP: 15/28 MP: 6/13
  3669 | D:4      | Reached skill level 5 in Spellcasting
  3669 | D:4      | Reached XP level 6. HP: 30/32 MP: 8/15
  4121 | D:5      | Entered Level 5 of the Dungeon
  4136 | D:5      | Reached skill level 5 in Stealth
  4243 | D:5      | Identified the +1 scale mail "Roebeas" {rElec rN+ Int+2}
  4801 | D:5      | Noticed an ice beast
  4940 | D:5      | Reached XP level 7. HP: 32/36 MP: 11/17
  5234 | D:5      | Noticed Grinder
  5290 | D:5      | Found a shimmering blue altar of Sif Muna.
  5312 | D:5      | Became a worshipper of Sif Muna the Loreminder
  5914 | D:6      | Noticed a steam dragon
  5928 | D:6      | Killed a steam dragon
  5929 | D:6      | Reached XP level 8. HP: 29/41 MP: 8/20
  6236 | D:6      | Found Suhifay's Magic Scroll Emporium.
  6245 | D:6      | Bought a scroll of identify for 28 gold pieces
  6245 | D:6      | Bought a scroll of identify for 28 gold pieces
  6245 | D:6      | Bought a scroll of identify for 28 gold pieces
  6245 | D:6      | Bought a scroll of revelation for 105 gold pieces
  6267 | D:6      | Learned a level 2 spell: Blink
  6629 | D:6      | Reached skill level 5 in Summonings
  7011 | D:6      | Identified the +12 hand axe of the Girdle {venom, rC- Int+4
                  | Dex+5}
  7249 | D:7      | Noticed a hornet
  7376 | D:7      | Killed a hornet
  7415 | D:7      | Learned a level 1 spell: Apportation
  7521 | D:7      | Reached XP level 9. HP: 36/45 MP: 8/23
  7618 | D:7      | Reached * piety under Sif Muna
  7747 | D:7      | Found a broken altar of Ashenzari.
  7786 | D:7      | Found a staircase to the Ecumenical Temple.
  8244 | D:7      | Found a radiant altar of Vehumet.
  8377 | D:8      | Found a sand-covered staircase.
  8383 | Ossuary  | Entered an ossuary
  8881 | D:8      | Noticed a two-headed ogre
  8899 | D:8      | Killed a two-headed ogre
  9134 | D:8      | Reached skill level 1 in Invocations
  9134 | D:8      | Reached skill level 1 in Evocations
  9139 | D:8      | Reached ** piety under Sif Muna
  9389 | D:8      | Learned a level 5 spell: Freezing Cloud
  9531 | D:8      | Noticed Pikel
  9544 | D:8      | Killed Pikel
  9545 | D:8      | Reached skill level 1 in Conjurations
  9545 | D:8      | Reached skill level 1 in Air Magic
  9545 | D:8      | Reached XP level 10. HP: 50/50 MP: 16/25
  9873 | D:9      | Reached skill level 10 in Spellcasting
 10187 | D:9      | Found Diufer's Armour Boutique.
 10795 | D:10     | Entered Level 10 of the Dungeon
 10802 | D:10     | Noticed Sonja
 11060 | D:10     | Found a sacrificial altar of Ru.
 11061 | D:10     | Found a hide-covered altar of Uskayaw.
 11063 | D:10     | Found a white marble altar of Elyvilon.
 11064 | D:10     | Found a stormy altar of Qazlal.
 11065 | D:10     | Found a basalt altar of Yredelemnul.
 11065 | D:10     | Found an opulent altar of Gozag.
 11065 | D:10     | Found a hazy altar of Hepliaklqana.
 11066 | D:10     | Found a glowing golden altar of the Shining One.
 11107 | D:10     | Found a staircase to the Orcish Mines.
 11162 | D:10     | Reached skill level 10 in Ice Magic
 11392 | D:10     | Found a sparkling altar of Nemelex Xobeh.
 11482 | D:10     | Identified the +0 leather armour of Deox {rC+}
 11527 | D:10     | Reached skill level 5 in Conjurations
 11539 | D:10     | Killed Sonja
 11540 | D:10     | Reached skill level 5 in Air Magic
 11673 | D:10     | Reached *** piety under Sif Muna
 11783 | D:10     | Found a staircase to the Lair.
 11809 | D:10     | Learned a level 3 spell: Hailstorm
 11865 | D:10     | Found an iron altar of Okawaru.
 12053 | D:10     | Reached XP level 11. HP: 54/54 MP: 21/27
 12198 | D:10     | Found a glowing silver altar of Zin.
 12330 | D:11     | Hit by a large rock thrown by a cyclops

Illustrated notes

Levels and vault maps discovered:
D:1:      amcnicky_arrival_feature_with_door, layout_basic
D:2:      layout_basic, minivault_4
D:3:      layout_basic, grunt_temple_overflow_growth_and_decay,
          gammafunk_ghost_split, hangedman_decor_points
D:4:      layout_basic
D:5:      layout_layer_cave, nicolae_sif_muna_condensation, uniq_grinder
D:6:      layout_loops_ring, serial_shops, shop, nrook_campfire,
          corexii_hall_statues_l, corexii_corridor_pit
D:7:      layout_cave_pods, general_overflow_altar,
          ashenzari_conservatory_becter, minmay_temple_entry_statues_pillars,
          minmay_liquid_box
D:8:      layout_layer_cave, enter_ossuary_2, uniq_pikel
D:9:      wander_river, layout_cave_pools, serial_shops, shop, st_stairs_10
D:10:     layout_grid_maze, nemelex_spade_bored_becter, okawaru_trees_1,
          grunt_temple_overflow_open, mainiacjoe_overflow_catwalk,
          david_lair_shrubbed, david_orc_1_choice, uniq_sonja
D:11:     layout_basic

Skill      XL: |  1  2  3  4  5  6  7  8  9 10 11 |
---------------+----------------------------------+-----
Stealth        | 3 4 5 6 8 9 |  9.2
Spellcasting   | 4 5 6 8 9 10 | 10.0
Ice Magic      | 5 6 7 9 10 | 10.8
Summonings     | 1 2 3 4 5 7 |  7.1
Invocations    | 1 |  1.7
Evocations     | 1 |  1.7
Conjurations   | 1 5 6 |  6.2
Air Magic      | 1 5 |  5.4
Dodging        | |  2.4

Action                     |  1- 3 |  4- 6 |  7- 9 | 10-12 || total
---------------------------+-------+-------+-------+-------++-------
  Melee: Unarmed           |     5 |    12 |       |       ||    17
         Staff             |       |       |    48 |       ||    48
   Cast: Freeze            |    70 |    46 |    52 |    50 ||   218
         Frozen Ramparts   |     2 |    18 |    29 |    26 ||    75
         Ozocubu's Armour  |       |     7 |    16 |    10 ||    33
         Summon Ice Beast  |       |     1 |    26 |    16 ||    43
         Hailstorm         |       |       |       |     5 ||     5
         Blink             |       |       |       |     1 ||     1
  Evoke: Wand              |       |       |       |     6 ||     6
    Use: Scroll            |     7 |     1 |    11 |     5 ||    24
         Potion            |       |       |       |     1 ||     1
   Stab: Sleeping          |       |     1 |       |       ||     1
         Distracted        |       |       |     3 |       ||     3
 Armour: Robe              |    15 |    27 |    46 |     1 ||    89
         Troll leather arm |       |       |       |    21 ||    21
  Dodge: Dodged            |    26 |    36 |    63 |    51 ||   176

Table legend: (Time is in decaauts)
 A = Elapsed time spent in this place.
 B = Non-inter-level travel time spent in this place.
 C = Inter-level travel time spent in this place.
 D = Time resting spent in this place.
 E = Time spent auto-exploring this place.
 F = Levels seen in this place.
 G = Mean time per level.
                   A        B        C        D        E       F      G
               +--------+--------+--------+--------+--------+-----+--------+
         Total |  12378 |  12104 |    274 |   1552 |   8140 |  12 | 1031.5 |
       Dungeon |  11934 |  11660 |    274 |   1552 |   8094 |  11 | 1084.9 |
       Ossuary |    444 |    444 |      0 |      0 |     46 |   1 |  444.0 |
               +--------+--------+--------+--------+--------+-----+--------+

Top non-repeatable levels by time:
     D:5: 1642 daAuts
    D:10: 1502 daAuts
     D:6: 1457 daAuts
     D:1: 1296 daAuts
     D:4: 1192 daAuts
     D:7: 1044 daAuts
     D:8: 1018 daAuts
     D:9: 1004 daAuts
     D:3: 999 daAuts
     D:2: 727 daAuts
 Ossuary: 444 daAuts
    D:11: 48 daAuts
